 Dungeon Crawl Stone Soup version 0.31-a0-700-gf13585253f (webtiles) character file.

Game seed: 13989221525552042341

214 MackTheKnife the Chiller (level 5, 0/25 HPs)
             Began as a Tengu Ice Elementalist on Sept 7, 2023.
             Slain by a gnoll
             ... wielding a +0 spear
             ... led by a gnoll bouda
              (5 damage)
             ... on level 5 of the Dungeon.
             The game lasted 00:05:23 (3290 turns).

MackTheKnife the Chiller (Tengu Ice Elementalist)   Turns: 3290, Time: 00:05:24

Health: 0/25       AC:  2    Str:  7    XL:     5   Next: 92%
Magic:  4/12       EV: 12    Int: 22    God:
Gold:   178        SH:  0    Dex: 13    Spells: 8/12 levels left

rFire   . . .        d - +1 dagger (elec) {short}
rCold   . . .        (no shield)
rNeg    . . .        a - +0 robe
rPois   .            (helmet restricted)
rElec   .            (no cloak)
rCorr   +            (no gloves)
SInv    .            (boots unavailable)
Will    .....        c - amulet of regeneration {@e2}
Stlth   ++           o - ring of resist corrosion
HPRegen 1.04/turn    (no ring)
MPRegen 0.13/turn

%: acrobat
@: weakened, freezing walls
A: beak, talons 3, acrobatic, clever 1, frail 1
a: no special abilities


You were on level 5 of the Dungeon.
You visited 1 branch of the dungeon, and saw 5 of its levels.

You collected 178 gold pieces.


Innate Abilities, Weirdness & Mutations

You have a beak for a mouth.
You have claws for feet.
You can magically evade attacks while moving or waiting.
Your mind is acute. (Int +4, Str/Dex -1)
You are frail. (-10% HP)


   Skills:
 - Level 2.1 Dodging
 - Level 2.0 Stealth
 + Level 4.1 Spellcasting
 + Level 5.1 Ice Magic


You had 8 spell levels left.
You knew the following spells:

 Your Spells              Type           Power      Damage    Failure   Level
a - Freeze                Ice            100%       1d10      1%          1
b - Frozen Ramparts       Ice            54%        1d9       4%          3

Your spell library contained the following spells:

 Spells                   Type           Power      Damage    Failure   Level
 Ozocubu's Armour         Ice            27%        N/A       4%          3
 Ensorcelled Hibernation  Hex/Ice        30%        N/A       6%          2
 Cigotuvi's Dreadful Rot  Necr/Pois/Air  8%         N/A       17%         2
 Jinxbite                 Hex            8%         N/A       17%         2
 Ignite Poison            Fire/Tmut/Pois 4%         N/A       32%         3
 Summon Ice Beast         Ice/Summ       15%        N/A       36%         4
 Anguish                  Hex/Necr       2%         N/A       73%         4
 Freezing Cloud           Conj/Ice/Air   6%         6-21      83%         5

Inventory:

Hand Weapons
 d - a +1 dagger of electrocution (weapon) {short}
   (You took it off a goblin on level 1 of the Dungeon)
 r - a +2 dagger of pain {short}
   (You took it off a goblin on level 3 of the Dungeon)
Missiles
 t - a throwing net {=f!fthrowing}
Armour
 a - a +0 robe (worn)
Jewellery
 c - an amulet of regeneration (around neck) {@e2}
   (You found it on level 1 of the Dungeon)
 g - an amulet of guardian spirit
   (You found it on level 1 of the Dungeon)
 l - a ring of ice
   (You found it on level 1 of the Dungeon)
 o - a ring of resist corrosion (left hand)
   (You found it on level 3 of the Dungeon)
Scrolls
 e - 4 scrolls of vulnerability {unknown}
 f - 6 scrolls of identify {unknown}
 j - a scroll of amnesia {unknown}
 k - a scroll of noise {unknown}
 m - a scroll of poison {unknown}
 n - 2 scrolls of immolation {unknown}
 s - a scroll of fog {unknown}
 u - a scroll of enchant weapon {unknown}
Potions
 b - a potion of magic
 h - a potion of degeneration {unknown}
 i - 2 potions of mutation {!q}
 p - a potion of brilliance {unknown}
 q - 2 potions of curing {unknown}

Dungeon Overview and Level Annotations

Branches:
Dungeon (5/15) Zot: 26710
 Temple: D:4-7

Altars:
Hepliaklqana

Shops:
D:1 [

Annotations:
D:3 Grinder

..## .. #... ...## #..###
...#.###....##
......#..!...# ###
#.........## ####.#
###.....!...# ###..#.## #
........ggg.###.......######
##........#@.##........#.##.
..........##))....###....#..
...........#)...............
.........g....#.............
.........g..................
.....##g....................
..#.. ......................
#........................<#.
##.. .............(.........


You could see a gnoll bouda and 2 gnolls.


Message History

😕 HP[+1]
The frozen ramparts melt away. 😎 HP[+1]
Your hp is fully restored (28).
A gnoll comes into view. It is wielding a +0 spear.
The gnoll bouda shouts!
The gnoll shouts! x2
Things that are here:
a +0 hand axe {axe}; a +0 short sword {short}; an orc corpse The gnoll completely misses you.
Casting: Frozen Ramparts (quite dangerous; 5% risk of failure)
Confirm with . or Enter, or press ? or * to list all spells.
Casting: Frozen Ramparts (quite dangerous; 5% risk of failure)
Press: ? - help, Dir - look around, f - activate The walls around you are covered in ice.
The wall freezes the gnoll but does no damage.
The gnoll hits you from afar with a +0 halberd!
Ouch! That really hurt!
* * * LOW HITPOINT WARNING * * *
😨 HP[-14] MP[-3]
You take 14 damage, and now have 14/28 hp.
MASSIVE DAMAGE!! (PAUSE)
You lost 3 mp, and now have 5/11 mp.
The wall freezes the gnoll but does no damage.
The gnoll completely misses you. 😮 HP[+1]
The wall freezes the gnoll.
The wall freezes the gnoll but does no damage.
The gnoll completely misses you. 😮 HP[+1]
The wall freezes the gnoll.
The gnoll completely misses you.
The wall freezes the gnoll.
The gnoll closely misses you.
The wall freezes the gnoll but does no damage.
The gnoll completely misses you. 😮 HP[+1] MP[+1]
The wall freezes the gnoll.
The gnoll completely misses you.
The wall freezes the gnoll.
The gnoll closely misses you.
The wall freezes the gnoll.
The gnoll completely misses you. 😮 HP[+1]
The wall freezes the gnoll.
The gnoll hits you with a +0 flail.
The wall freezes the gnoll.
You kill the gnoll!
The wall freezes the gnoll but does no damage.
The gnoll hits you from afar with a +0 spear.
* * * LOW HITPOINT WARNING * * *
The wall freezes the gnoll bouda but does no damage.
Your Spellcasting skill increases to level 4! 😨 HP[-8]
You take 8 damage, and now have 10/28 hp.
MASSIVE DAMAGE!! (PAUSE)
The wall freezes the gnoll.
The gnoll completely misses you.
The wall freezes the gnoll.
The gnoll misses you.
The wall freezes the gnoll bouda but does no damage.
The gnoll bouda gazes fiercely through you!
You feel your attacks grow feeble. The gnoll bouda completely misses you.
You hear a shout! 😨 HP[+1]
The wall freezes the gnoll.
You kill the gnoll!
The wall freezes the gnoll.
The gnoll hits you from afar with a +0 spear.
* * * LOW HITPOINT WARNING * * *
The wall freezes the gnoll bouda but does no damage.
The gnoll bouda completely misses you. 😱 HP[-4]
You take 4 damage, and now have 7/28 hp.
Unknown command.
The frozen ramparts melt away.
The gnoll completely misses you.
The gnoll bouda barks out a call to the hunt!
The gnoll picks up the pace! 😨 HP[+1] Unknown command.
Casting: Frozen Ramparts (quite dangerous; 5% risk of failure)
Confirm with . or Enter, or press ? or * to list all spells.
Casting: Frozen Ramparts (quite dangerous; 5% risk of failure)
Press: ? - help, Dir - look around, f - activate The walls around you are covered in ice.
The wall freezes the gnoll.
You kill the gnoll!
The wall freezes the gnoll bouda.
The gnoll bouda hits you with a +0 whip.
* * * LOW HITPOINT WARNING * * *
😨 MP[-3]
You lost 3 mp, and now have 3/12 mp.
The wall freezes the gnoll but does no damage.
The gnoll barely misses you.
The wall freezes the gnoll bouda but does no damage.
The gnoll bouda completely misses you. 😨 HP[+1]
The wall freezes the gnoll.
The gnoll hits you from afar with a +0 spear.
* * * LOW HITPOINT WARNING * * *
The wall freezes the gnoll bouda.
The gnoll bouda completely misses you. 😱 HP[-5] MP[+1]
You take 5 damage, and now have 4/28 hp.
It was a potion of mutation.
You feel extremely strange.
You feel frail.
You feel clever.
The wall freezes the gnoll.
The gnoll hits you from afar with a +0 spear.
You die...

Skill      XL: |  1  2  3  4  5 |
---------------+----------------+-----
Ice Magic      | 4 5 |  5.1
Spellcasting   | 3 4 |  4.1
Dodging        | |  2.1
Stealth        | |  2.0

Action                     |  1- 3 |  4- 6 || total
---------------------------+-------+-------++-------
  Melee: Unarmed           |     7 |       ||     7
         Kick              |     8 |     5 ||    13
         Dagger            |    34 |    13 ||    47
         Peck              |     7 |       ||     7
   Cast: Freeze            |    40 |    30 ||    70
         Frozen Ramparts   |       |     6 ||     6
    Use: Potion            |       |     1 ||     1
 Armour: Robe              |    22 |    23 ||    45
  Dodge: Dodged            |    62 |    51 ||   113

Levels and vault maps discovered:
D:1:      mrwooster_arrival_statue_3, layout_rooms, serial_shops,
          nicolae_shop_behind_doors
D:2:      layout_loops_cross
D:3:      layout_basic, hellmonk_ecumenical_altar_watching_god, uniq_grinder,
          uniq_robin
D:4:      layout_basic, nzn_hepliaklqana_mist_gate, minmay_misc_feat_encased
D:5:      layout_cave_pools, mainiacjoe_overflow_catch_the_wave,
          grunt_ashenzari_visionary [grunt_ashenzari_visionary_shoals,
          grunt_ashenzari_visionary_snake], minmay_temple_entry_slanted

Notes
Turn   | Place    | Note
-------+----------+-------------------------------------------
     0 | D:1      | MackTheKnife the Tengu Ice Elementalist began the quest for
                  | the Orb.
     0 | D:1      | Reached XP level 1. HP: 10/10 MP: 4/4
     0 | D:1      | magus.rc [v1.9.6]
   108 | D:1      | Reached XP level 2. HP: 15/15 MP: 0/6
   343 | D:1      | Reached skill level 4 in Ice Magic
   489 | D:1      | Found Ataasuw's Armour Shop.
   517 | D:1      | Reached XP level 3. HP: 19/19 MP: 5/7
   521 | D:1      | Learned a level 3 spell: Frozen Ramparts
   663 | D:1      | You pick up a book of Dreams and begin reading...
   663 | D:1      | You add the spells Jinxbite, Ensorcelled Hibernation and
                  | Anguish to your library.
   805 | D:2      | You add the spells Cigotuvi's Dreadful Rot, Ignite Poison
                  | and Freezing Cloud to your library.
   886 | D:2      | Reached skill level 3 in Spellcasting
  1060 | D:2      | Reached XP level 4. HP: 24/24 MP: 6/9
  1546 | D:3      | Found a faded altar of an unknown god.
  1550 | D:3      | Noticed a floating eye
  1555 | D:3      | Noticed a great orb of eyes
  1587 | D:3      | Noticed a shining eye
  1587 | D:3      | Noticed a floating eye
  1793 | D:3      | Noticed Robin
  1810 | D:3      | Killed Robin
  1950 | D:3      | Noticed Grinder
  2337 | D:4      | Reached XP level 5. HP: 28/28 MP: 6/11
  2818 | D:4      | Found a hazy altar of Hepliaklqana.
  3048 | D:5      | Entered Level 5 of the Dungeon
  3274 | D:5      | Reached skill level 5 in Ice Magic
  3284 | D:5      | Reached skill level 4 in Spellcasting
  3285 | D:5      | HP: 7/28 [gnoll/+0 spear[a gnoll bouda] (5)]
  3290 | D:5      | Gained mutation: You are frail. (-10% HP) [potion of
                  | mutation]
  3290 | D:5      | Gained mutation: Your mind is acute. (Int +4, Str/Dex -1)
                  | [potion of mutation]
  3290 | D:5      | Slain by a gnoll

Vanquished Creatures
  An iguana (D:4)
  An orc wizard (D:5)
  Robin (D:3)
  3 gnolls (D:5)
  5 adders
  2 dart slugs
  3 orcs
  3 endoplasms
  2 giant cockroaches
  8 hobgoblins
  5 quokkas
  5 ball pythons
  8 bats
  A frilled lizard (D:1)
  17 goblins
  8 kobolds
  7 rats
80 creatures vanquished.

Vanquished Creatures (others)
  An orc (D:5)
1 creature vanquished.

Grand Total: 81 creatures vanquished

Table legend:
 A = Non-vault XP
 B = Vault XP
 C = Vault XP percentage of total XP
 D = Non-vault monster count
 E = Vault monster count
 F = Vault count percentage of total count
                 A         B        C        D         E       F
            +---------+---------+-------+---------+---------+-------
      Total |     275 |      32 |  10.4 |      70 |      11 |  13.6
            +---------+---------+-------+---------+---------+-------
        D:1 |      41 |       0 |   0.0 |      26 |       0 |   0.0
        D:2 |      52 |       0 |   0.0 |      20 |       0 |   0.0
        D:3 |      29 |      32 |  52.5 |       9 |      11 |  55.0
        D:4 |      70 |       0 |   0.0 |       8 |       0 |   0.0
        D:5 |      83 |       0 |   0.0 |       7 |       0 |   0.0
            +---------+---------+-------+---------+---------+-------

Skill      XL: |  1  2  3  4  5 |
---------------+----------------+-----
Ice Magic      | 4 5 |  5.1
Spellcasting   | 3 4 |  4.1
Dodging        | |  2.1
Stealth        | |  2.0

Action                     |  1- 3 |  4- 6 || total
---------------------------+-------+-------++-------
  Melee: Unarmed           |     7 |       ||     7
         Kick              |     8 |     5 ||    13
         Dagger            |    34 |    13 ||    47
         Peck              |     7 |       ||     7
   Cast: Freeze            |    40 |    30 ||    70
         Frozen Ramparts   |       |     6 ||     6
    Use: Potion            |       |     1 ||     1
 Armour: Robe              |    22 |    23 ||    45
  Dodge: Dodged            |    62 |    51 ||   113

Illustrated notes

Table legend:
 A = Kills in this place as a percentage of kills in the entire game.
 B = Kills by you in this place as a percentage of kills by you in the entire game.
 C = Kills by friends in this place as a percentage of kills by friends in the entire game.
 D = Other kills in this place as a percentage of other kills in the entire game.
 E = Experience gained in this place as a percentage of experience gained in the entire game.
 F = Experience gained in this place divided by the number of levels of this place that you have seen.
                   A       B       C       D       E      F
               +-------+-------+-------+-------+-------+----------------------
         Total | 100.0 | 100.0 |   N/A | 100.0 | 100.0 |  61.4
       Dungeon | 100.0 | 100.0 |   N/A | 100.0 | 100.0 |  61.4
               +-------+-------+-------+-------+-------+----------------------

Table legend: (Time is in decaauts)
 A = Elapsed time spent in this place.
 B = Non-inter-level travel time spent in this place.
 C = Inter-level travel time spent in this place.
 D = Time resting spent in this place.
 E = Time spent auto-exploring this place.
 F = Levels seen in this place.
 G = Mean time per level.
                   A        B        C        D        E       F      G
               +--------+--------+--------+--------+--------+-----+--------+
         Total |   3288 |   3145 |    143 |    159 |   2474 |   5 |  657.6 |
       Dungeon |   3288 |   3145 |    143 |    159 |   2474 |   5 |  657.6 |
               +--------+--------+--------+--------+--------+-----+--------+

Top non-repeatable levels by time:
     D:4: 925 daAuts
     D:3: 789 daAuts
     D:1: 768 daAuts
     D:2: 725 daAuts
     D:5: 79 daAuts
